 Dungeon Crawl Stone Soup version 0.19-a0-1704-gbd66c22 (webtiles) character file.

16387 GrosslyIncandescent the Martial Artist (level 12, -5/93 HPs)
             Began as a Mummy Monk on Sept 27, 2016.
             Slain by a komodo dragon (18 damage)
             ... on level 1 of the Lair of Beasts.
             The game lasted 00:40:55 (21948 turns).

GrosslyIncandescent the Martial Artist (MuMo)      Turns: 21948, Time: 00:40:56

Health: -5/93      AC: 16    Str: 16    XL:     12   Next: 9%
Magic:  12/12      EV: 20    Int:  9    God:
Gold:   427        SH:  9    Dex: 18    Spells: 0 memorised, 11 levels left

rFire  x . .     SeeInvis .       - Unarmed
rCold  + . .     Gourm    .     (no armour)
rNeg   + + +     Faith    .     l - +3 buckler of the Moon {rPois MR+, Threadbane}
rPois  ∞         Spirit   .     k - +2 helmet
rElec  .         Dismiss  .     c - +2 cloak
rCorr  .         Reflect  .     g - +2 pair of gloves
MR     ++...     Harm     .     j - +2 pair of boots {Fly}
Stlth  ++++......               (no amulet)
                                n - +3 ring of protection
                                v - ring of stealth

@: flying
A: no food or potions, fire vulnerability, cold resistance 1, negative energy
resistance 3, torment resistance, unbreathing
a: Stop Flying


You were on level 1 of the Lair of Beasts.
You were not hungry.

You visited 3 branches of the dungeon, and saw 15 of its levels.
You also visited: Ossuary.

You collected 1000 gold pieces.
You spent 573 gold pieces at shops.


Innate Abilities, Weirdness & Mutations

You do not eat or drink.
Your flesh is vulnerable to fire.
You are immune to poison.
Your flesh is cold resistant. (rC+)
You are immune to negative energy. (rN+++)
You are immune to unholy pain and torment.
You can survive without breathing.


   Skills:
 - Level 8.3 Fighting
 - Level 10.2 Dodging
 - Level 5.0 Stealth
 + Level 4.9 Shields
 - Level 10.3 Unarmed Combat


You had 11 spell levels left.
You didn't know any spells.

Inventory:

Armour
 c - a +2 cloak (worn)
 g - a +2 pair of gloves (worn)
 h - a +2 ring mail of magic resistance {Ijib's meme mail}
 j - a +2 pair of boots of flying (worn)
 k - a +2 helmet (worn)
 l - the +3 buckler of the Moon (worn) {rPois MR+, Threadbane}

   It protects you from poison.
   It affects your resistance to hostile enchantments.
 y - a +0 large shield
Jewellery
 d - an uncursed amulet of harm {unknown}
 n - a +3 ring of protection (right hand)
 o - an uncursed ring of resist corrosion
 r - a +3 ring of strength
 t - an uncursed amulet of magic regeneration {unknown}
 u - a cursed amulet of inaccuracy {unknown}
 v - a ring of stealth (left hand)
 w - an uncursed amulet of dismissal {unknown}
Scrolls
 a - 8 scrolls of fog
 b - 9 scrolls of remove curse
 e - 3 scrolls of identify {@r1}
 f - a scroll of recharging
 i - 6 scrolls of amnesia
 m - 2 scrolls of random uselessness
 p - a scroll of immolation {!r}
 q - 2 scrolls of noise {!r}
 s - 3 scrolls of teleportation {@r4}
 z - a scroll of silence {!r}
 A - 2 scrolls of blinking
 B - a scroll of enchant weapon {unknown}
 C - 2 scrolls of fear {unknown}
Comestibles
 x - 11 fruits (quivered)

Dungeon Overview and Level Annotations

Branches:
Dungeon (11/15)            Temple (0/1) D:7            Lair (3/6) D:8
 Shoals (0/4) Lair:2       Spider (0/4) Lair:2          Orc (1/2) D:9

Altars:
Qazlal

Shops:
D:6 [   D:8 [

Annotations:
D:5 Grinder
D:8 exclusion: centaur warrior
D:10 exclusion: downstairs
D:11 Sonja
Lair:2 Urug

▒ ▒f......▒.▒..........▒.▒> ▒▒
▒....▒▒▒▒▒............... .▒▒▒▒
▒▒....................(...
....▒▒▒▒....................%....
.....▒...........................
........................▒.▒▒.....
..............P▒.......▒▒▒▒▒▒P▒..
...............▒.▒.....▒▒▒▒▒▒▒▒▒.
................M▒.....▒▒..▒.8.▒.
..........▒......l.......▒▒.....▒
..▒...P...▒▒▒▒..........▒▒.8.8.8▒
..▒.........▒▒..................▒
............▒.............▒▒...▒▒
..▒▒........▒..........▒▒▒▒▒▒.▒▒▒
....▒▒......▒▒P.▒....▒▒▒ ▒▒.....▒
...▒▒▒.......▒▒......▒▒▒▒▒...8...
....▒▒..▒..............▒▒........


You could see a komodo dragon.


Message History

The komodo dragon barely misses you!
The komodo dragon hisses menacingly!
You squash the plant but do no damage!
The komodo dragon hisses menacingly!
The komodo dragon hisses menacingly!
The komodo dragon hisses menacingly!
Wield which item (- for none, * to show all)? (? for menu, Esc to quit)
You can't wield jewellery!
Wield which item (- for none, * to show all)? (? for menu, Esc to quit)
i - 6 scrolls of amnesia (in hand)
You are now empty-handed!
The komodo dragon bites you!!! * * * don't die
* * * The komodo dragon hisses menacingly!
There is a stone staircase leading up here!
The komodo dragon bites you! * * * don't die
* * * You fly upwards!
Level annotation: Urug
There is a stone staircase leading down here!
The komodo dragon bites you!!! * * * don't die
* * * You see here a meat ration!
There is a stone staircase leading up, spattered with blood here!
You see here 2 javelins of returning!
The komodo dragon bites you!!!!!! * * * don't die
* * * You fly upwards!
There is a stone staircase leading down, spattered with blood here!
The komodo dragon bites you!!!!!! rip

Action                   |  1- 3 |  4- 6 |  7- 9 | 10-12 || total
-------------------------+-------+-------+-------+-------++-------
Melee: Unarmed           |   164 |   301 |   758 |  1011 ||  2234
       Punch             |     4 |     5 |    12 |       ||    21
  Use: Scroll            |       |       |     7 |    11 ||    18
 Stab: Sleeping          |     3 |    11 |     8 |    13 ||    35
       Distracted        |       |       |     2 |     2 ||     4
Armor: Skin              |    46 |    78 |   122 |   166 ||   412
Dodge: Dodged            |   107 |   166 |   371 |   578 ||  1222
Block: Buckler           |       |       |   138 |   324 ||   462

Vault maps used:
D:1:      kennysheep_arrival_seaside
D:2:      ecumenical_altar_1, roderic_nine_men_s_morris
D:3:      nicolae_qazlal_eye_of_the_storm, uniq_iyjb
D:4:      first_bread
D:5:      uniq_grinder
D:6:      serial_shops, shop, enter_ossuary_3, uniq_sigmund
D:7:      minmay_misc_feat_roman, uniq_joseph, uniq_pikel
D:8:      david_lair_shrubbed, serial_shops, kennysheep_mini_moat,
          jmf_multi_god_temple
D:9:      david_orc_1_choice
D:11:     uniq_sonja
Lair:1:   beast_lair_carwin_6, grunt_megastairs_3, lemuel_fruit_tree, uniq_grum
Lair:2:   elwin_shoals_entry_rocks, dummy_spider_entry, grunt_megastairs_4,
          lemuel_fruit_fields, serial_bayou_shore_a,
          infiniplex_staircase_pool_2, uniq_urug
Lair:3:   beast_lair_carwin_4
Orc:1:    mines3_lemuel, uniq_josephine
Ossuary:  minmay_ossuary_gauntlet

Notes
Turn   | Place    | Note
-------+----------+-------------------------------------------
     0 | D:1      | GrosslyIncandescent the Mummy Monk began the quest for the Orb.
     0 | D:1      | Reached XP level 1. HP: 18/18 MP: 1/1
   391 | D:1      | Reached XP level 2. HP: 24/24 MP: 2/2
   411 | D:1      | Reached skill level 3 in Unarmed Combat
   917 | D:1      | You fall through a shaft!
   946 | D:2      | Reached XP level 3. HP: 27/29 MP: 3/3
  1017 | D:2      | Found a faded altar of an unknown god.
  1662 | D:2      | Reached skill level 4 in Unarmed Combat
  1851 | D:2      | Reached XP level 4. HP: 35/35 MP: 4/4
  2418 | D:3      | Noticed Ijyb
  2465 | D:3      | Killed Ijyb
  2680 | D:2      | Reached XP level 5. HP: 41/41 MP: 5/5
  2754 | D:2      | Reached skill level 5 in Unarmed Combat
  3252 | D:3      | Found a stormy altar of Qazlal.
  3366 | D:3      | Noticed a hungry ghost
  3372 | D:3      | oh no
  3372 | D:3      | Whatever shall I do
  3413 | D:3      | Killed a hungry ghost
  3413 | D:3      | Reached skill level 4 in Dodging
  3413 | D:3      | Reached XP level 6. HP: 31/47 MP: 6/6
  4272 | D:5      | Entered Level 5 of the Dungeon
  4326 | D:5      | Reached XP level 7. HP: 46/52 MP: 7/7
  4736 | D:5      | Noticed Grinder
  4868 | D:5      | Reached skill level 6 in Unarmed Combat
  5325 | D:4      | Reached skill level 5 in Dodging
  5870 | D:6      | Found a sand-covered staircase.
  5938 | Ossuary  | Entered an ossuary
  6017 | Ossuary  | Reached XP level 8. HP: 51/58 MP: 8/8
  6509 | D:6      | Found Deicon's Armour Boutique.
  6518 | D:6      | Bought a +1 pair of boots of flying for 165 gold pieces
  6523 | D:6      | Bought a +0 helmet for 45 gold pieces
  6528 | D:6      | Identified the Collected Works on Ignition and Ice
  6548 | D:6      | Noticed Sigmund
  6621 | D:6      | Reached skill level 7 in Unarmed Combat
  6649 | D:6      | Bought the +3 buckler of the Moon {rPois MR+} for 363 gold pieces
  6763 | D:5      | Reached skill level 1 in Shields
  7361 | D:5      | Reached skill level 2 in Shields
  8066 | D:7      | Noticed Pikel
  8234 | D:4      | Reached skill level 3 in Shields
  8697 | D:7      | Noticed Joseph
  9167 | D:7      | Reached skill level 4 in Shields
  9205 | D:7      | Reached skill level 6 in Dodging
  9466 | D:7      | Found a staircase to the Ecumenical Temple.
  9564 | D:7      | Reached XP level 9. HP: 59/63 MP: 9/9
  9865 | D:7      | HP: 4/63 [Joseph/uncursed quarterstaff of speed (10)]
  9866 | D:7      | Killed Joseph
  9866 | D:7      | Reached skill level 7 in Dodging
 10352 | D:6      | Killed Sigmund
 10552 | D:5      | Killed Pikel
 10552 | D:5      | Reached skill level 8 in Unarmed Combat
 11100 | D:8      | Found a staircase to the Lair.
 11101 | D:8      | Noticed a komodo dragon
 11213 | D:8      | Noticed a centaur warrior
 11533 | D:8      | Found Jaluelugyts's Armour Shoppe.
 11631 | D:9      | Noticed a troll
 12008 | D:9      | Found a staircase to the Orcish Mines.
 12031 | D:9      | Reached XP level 10. HP: 70/70 MP: 10/10
 12056 | D:9      | Reached skill level 9 in Unarmed Combat
 12229 | D:9      | Reached skill level 8 in Dodging
 12639 | Orc:1    | Entered Level 1 of the Orcish Mines
 12667 | Orc:1    | Noticed an orc high priest
 12671 | Orc:1    | Noticed a soul eater
 13425 | D:9      | Reached skill level 9 in Dodging
 13814 | D:10     | Entered Level 10 of the Dungeon
 13917 | D:10     | Reached skill level 4 in Fighting
 14012 | D:10     | Reached skill level 5 in Fighting
 14051 | D:10     | Reached skill level 6 in Fighting
 14776 | D:10     | Reached skill level 7 in Fighting
 15192 | D:11     | Noticed Sonja
 15612 | D:8      | Reached XP level 11. HP: 82/84 MP: 11/11
 15648 | Lair:1   | Entered Level 1 of the Lair of Beasts
 15747 | Lair:1   | Identified a scroll of acquirement
 15751 | Lair:1   | Got a spiked cloak
 15762 | Lair:1   | Identified the -1 cloak "Uluijeadi" {rN+ Dex+3} (You acquired it on level 1 of the Lair of Beasts)
 16041 | Lair:1   | Reached skill level 10 in Unarmed Combat
 17017 | Lair:1   | Noticed Grum
 17558 | Lair:1   | Reached skill level 10 in Dodging
 17838 | Lair:1   | Killed Grum
 17838 | Lair:1   | Reached skill level 2 in Stealth
 18146 | Lair:1   | Reached skill level 3 in Stealth
 18361 | Lair:1   | Reached skill level 4 in Stealth
 18886 | Lair:2   | Found a staircase to the Shoals.
 18936 | Lair:2   | Found a hole to the Spider Nest.
 19085 | Lair:2   | Reached skill level 5 in Stealth
 19266 | Lair:2   | Noticed Urug
 20059 | Lair:1   | Reached skill level 8 in Fighting
 21077 | Lair:3   | Reached XP level 12. HP: 93/93 MP: 12/12
 21906 | Lair:2   | HP: 2/93 [komodo dragon (26)]
 21948 | Lair:1   | Slain by a komodo dragon

Vanquished Creatures
  Pikel (D:5)
  2 black mambas (Lair:3)
  2 elephants (Lair:1)
  Joseph (D:7)
  9 spiny frogs
  2 komodo dragons (D:8)
  3 trolls
  A two-headed ogre (D:8)
  4 blink frogs
  5 hippogriffs
  Sigmund (D:6)
  A wyvern (D:9)
  12 yaks
  A hungry ghost (D:3)
  Grum (Lair:1)
  A basilisk (Lair:1)
  A warg (Orc:1)
  6 water moccasins
  4 orc warriors
  2 ice beasts
  4 slaves
  3 ogres
  2 phantoms
  A sky beast (D:8)
  3 centaurs
  A wasp (D:10)
  A necrophage (D:10)
  4 wolves (Lair:1)
  5 crocodiles
  11 bullfrogs
  A wyvern zombie (D:11)
  7 scorpions
  A water moccasin skeleton (D:8)
  6 killer bees (D:10)
  5 wights (D:7)
  2 howler monkeys
  2 electric eels (Lair:2)
  4 crimson imps
  A bullfrog zombie (D:7)
  2 human zombies (Ossuary)
  A quasit (D:8)
  5 hounds
  3 jellies
  An orc priest (D:9)
  2 bullfrog skeletons
  A centaur skeleton (D:11)
  7 orc wizards
  6 iguanas
  Ijyb (D:3)
  9 worker ants
  4 big kobold zombies (Ossuary)
  A hound zombie (D:5)
  2 mummies (Ossuary)
  2 howler monkey zombies (D:9)
  2 worker ant zombies
  3 gnolls (D:5)
  13 adders
  A howler monkey skeleton (D:9)
  4 shadow imps
  2 dart slugs (D:2)
  7 leopard geckos
  33 orcs
  4 giant cockroaches
  2 goblins
  9 hobgoblins
  12 jackals
  6 kobolds
  5 quokkas
  3 ball pythons
  7 bats
  11 frilled lizards
  A gnoll zombie (Ossuary)
  3 goblin zombies (Ossuary)
  A hobgoblin zombie (Ossuary)
  2 jackal skeletons
  3 orc zombies (Ossuary)
  4 rats
  A rat zombie (D:6)
  A plant (D:8)
311 creatures vanquished.

Vanquished Creatures (others)
  3 fungi (Lair:3)
  3 plants
6 creatures vanquished.

Grand Total: 317 creatures vanquished
